 Dungeon Crawl Stone Soup version 0.24.0-123-gd5b16e6ec5 (webtiles) character file.

Game seed: 3445039213905857902, levelgen mode: deterministic

81 Delamore the Chopper (level 4, -2/39 HPs)
             Began as a Hill Orc Fighter on Dec 23, 2019.
             Killed by nerve-wracking pain
             ... invoked by an orc priest
              (7 damage)
             ... on level 3 of the Dungeon.
             The game lasted 00:01:14 (1171 turns).

Delamore the Chopper (Hill Orc Fighter)             Turns: 1171, Time: 00:01:14

Health: -2/39      AC:  6    Str: 19    XL:     4   Next: 42%
Magic:  4/4        EV: 11    Int:  8    God:
Gold:   103        SH: 11    Dex: 10    Spells: 3/3 levels left

rFire    . . .     SeeInvis .   a - +0 war axe
rCold    . . .     Gourm    .   c - +0 shield
rNeg     . . .     Faith    .   b - +0 scale mail
rPois    .         Spirit   .   (no helmet)
rElec    .         Reflect  +   (no cloak)
rCorr    .         Harm     .   (no gloves)
MR       .....                  (no boots)
Stlth    ..........             m - +2 amulet of reflection
HPRegen  0.13/turn              i - +4 ring of evasion
MPRegen  0.09/turn              (no ring)

@: no status effects
A: no striking features
a: Convert to Beogh


You were on level 3 of the Dungeon.
You were not hungry.

You visited 1 branch of the dungeon, and saw 3 of its levels.

You collected 103 gold pieces.

Inventory:

Hand Weapons
 a - a +0 war axe (weapon)
Missiles
 n - a throwing net (quivered)
Armour
 b - a +0 scale mail (worn)
 c - a +0 shield (worn)
Jewellery
 i - a +4 ring of evasion (left hand)
 m - a +2 amulet of reflection (around neck)
Scrolls
 e - a scroll of random uselessness {unknown}
 h - 3 scrolls of identify {unknown}
 k - a scroll of noise {unknown}
 l - a scroll of fear {unknown}
 s - a scroll of teleportation {unknown}
Potions
 d - a potion of might
 g - 2 potions of mutation {unknown}
 j - 2 potions of curing {unknown}
 o - a potion of flight {unknown}
 p - a potion of brilliance {unknown}
 r - a potion of agility {unknown}
Comestibles
 f - 4 rations
 q - 5 chunks of flesh


   Skills:
 - Level 3.6 Fighting
 + Level 6.0 Axes
 - Level 3.2 Armour
 - Level 3.2 Shields


You had 3 spell levels left.
You didn't know any spells.
Your spell library was empty.

Dungeon Overview and Level Annotations

Branches:
Dungeon (3/15)

Altars:


Message History

You are too injured to fight recklessly!
You are too injured to fight recklessly!
You are too injured to fight recklessly!
You are too injured to fight recklessly!
You are too injured to fight recklessly!
You are too injured to fight recklessly!
You are too injured to fight recklessly!
You are too injured to fight recklessly!
You are too injured to fight recklessly!
You are too injured to fight recklessly!
You are too injured to fight recklessly!
You are too injured to fight recklessly!
Unknown command.
The orc priest invokes the aid of Beogh against you.
Beogh smites you!
* * * LOW HITPOINT WARNING * * *
The orc roars loudly.
The orc priest calls down the wrath of Beogh upon you.
Pain shoots through your body!
You die...

...........#...#
.......o....o..#
............o.#
..........or..# #
....#...ro##......
.##.#####..##......
#(......o...........
#...................
#.......@#......####
.......÷.##...###
.......÷.<<...#
#......÷......#
####...........#
................#
.###..#......#..#
#.###......... #.
#.....#...


You could see an orc priest, 4 orcs and 2 rats.

Vanquished Creatures
  Terence (D:2)
  An adder (D:2)
  A worm (D:2)
  A dart slug (D:2)
  3 leopard geckos
  A ball python (D:3)
  A giant cockroach (D:1)
  5 goblins
  A hobgoblin (D:1)
  8 jackals
  A quokka (D:2)
  2 bats (D:2)
  5 frilled lizards
  6 kobolds
  4 rats
41 creatures vanquished.

Notes
Turn   | Place    | Note
-------+----------+-------------------------------------------
     0 | D:1      | Delamore the Hill Orc Fighter began the quest for the Orb.
     0 | D:1      | Reached XP level 1. HP: 19/19 MP: 1/1
    18 | D:1      | Reached skill level 3 in Axes
   105 | D:1      | Reached XP level 2. HP: 24/26 MP: 2/2
   218 | D:1      | Reached skill level 4 in Axes
   482 | D:2      | Reached XP level 3. HP: 30/31 MP: 3/3
   502 | D:2      | Noticed Terence
   518 | D:2      | Killed Terence
   518 | D:2      | Reached skill level 5 in Axes
   964 | D:2      | Reached XP level 4. HP: 39/39 MP: 4/4
  1142 | D:3      | Reached skill level 6 in Axes
  1171 | D:3      | Killed from afar by an orc priest

Levels and vault maps discovered:
D:1:      ebering_trefoil_3fold, layout_basic
D:2:      layout_basic, uniq_terence
D:3:      layout_rooms, lemuel_doored_altar, first_ration,
          minmay_misc_feat_cross

Skill      XL: |  1  2  3  4 |
---------------+-------------+-----
Axes           | 3 4 5 6 |  6.0
Fighting       | |  3.6
Armour         | |  3.2
Shields        | |  3.2

Action                   |  1- 3 |  4- 6 || total
-------------------------+-------+-------++-------
Melee: War axe           |    84 |    33 ||   117
  Eat: Chunk             |       |     1 ||     1
Armor: Scale mail        |    38 |     8 ||    46
Dodge: Dodged            |    50 |    12 ||    62
Block: Shield            |    57 |    26 ||    83
       Reflection        |       |     2 ||     2
